 Dungeon Crawl Stone Soup version 0.27.1-33-g824d729ab1 (webtiles) character file.

Game seed: 5915952426951187767

1782 belegose the Agent of Entropy (level 9, -1/67 (71) HPs)
             Began as a Formicid Abyssal Knight on Dec 25, 2021.
             Was a Priest of Lugonu.
             Slain by a wight (4 damage)
             ... on level 6 of the Dungeon.
             The game lasted 00:18:06 (7161 turns).

belegose the Agent of Entropy (FoAK)                Turns: 7161, Time: 00:18:06

HP:   -1/67 (71)    AC: 18    Str: 20    XL:     9   Next: 29%
MP:   14/14         EV:  6    Int: 12    God:    Lugonu [***...]
Gold: 197           SH:  0    Dex: 10    Spells: 8/8 levels left

rFire    . . .     SeeInvis +   a - +2 quarterstaff (holy)
rCold    + . .     Faith    .   (no shield)
rNeg     . . .     Spirit   .   p - +0 plate armour
rPois    .         Reflect  .   (helmet unavailable)
rElec    .         Harm     .   (no cloak)
rCorr    .         Rampage  .   r - +0 pair of gloves
Will     .....                  (no boots)
Stlth    ..........             (no amulet)
HPRegen  0.21/turn              v - +4 ring of protection
MPRegen  0.14/turn              x - ring of protection from cold

@: drained
A: permanent stasis, dig shafts and tunnels, antennae 3, four strong arms
a: Dig, Shaft Self, Renounce Religion, Depart the Abyss, Bend Space, Banish


You were on level 6 of the Dungeon.
You worshipped Lugonu.
Lugonu was most pleased with you.
You visited 1 branch of the dungeon, and saw 6 of its levels.
You visited the Abyss 1 time.
You also visited: Ossuary.

You collected 233 gold pieces.
You spent 36 gold pieces at shops.

Inventory:

Hand Weapons
 a - a +2 quarterstaff of holy wrath (weapon)
 b - a +2 dagger of venom
Missiles
 i - 201 stones (quivered)
Armour
 p - a +0 plate armour (worn)
 r - a +0 pair of gloves (worn)
Jewellery
 t - a ring of wizardry
 u - a ring of ice
 v - a +4 ring of protection (left hand)
 x - a ring of protection from cold (right hand)
Wands
 e - a wand of digging (7)
 g - a wand of flame (9)
Scrolls
 c - 2 scrolls of fear {unknown}
 d - a scroll of immolation {unknown}
 j - 2 scrolls of noise {unknown}
 k - 2 scrolls of enchant armour {unknown}
 m - 2 scrolls of fog {unknown}
 o - 3 scrolls of teleportation {unknown}
 q - a scroll of brand weapon {unknown}
 w - 2 scrolls of vulnerability {unknown}
 y - a scroll of amnesia {unknown}
 C - 2 scrolls of enchant weapon {unknown}
 E - a scroll of blinking {unknown}
 F - a scroll of holy word {unknown}
Potions
 f - 3 potions of heal wounds
 l - 2 potions of brilliance
 n - 4 potions of attraction
 s - 6 potions of curing
 z - 2 potions of might
 A - a potion of magic {unknown}
 B - 3 potions of mutation
 D - a potion of cancellation {unknown}
Miscellaneous
 h - a phantom mirror (inert)


   Skills:
 + Level 6.9 Fighting
 - Level 4.0 Short Blades
 - Level 2.7(3.1) Maces & Flails
 + Level 2.1(2.8) Staves
 + Level 6.4 Armour
 - Level 0.8 Dodging
 + Level 7.0 Invocations
 + Level 2.8 Evocations


You had 8 spell levels left.
You didn't know any spells.
Your spell library contained the following spells:

 Spells                   Type           Power      Damage    Failure   Level
 Sting                    Tmut/Pois      0%         1d3       100%        1
 Summon Small Mammal      Summ           0%         N/A       100%        1
 Poisonous Vapours        Pois/Air       0%         N/A       100%        2
 Sublimation of Blood     Necr           0%         N/A       100%        2
 Wereblood                Tmut           0%         N/A       100%        2
 Call Canine Familiar     Summ           0%         N/A       100%        3
 Portal Projectile        Hex/Tloc       0%         N/A       100%        3
 Summon Guardian Golem    Hex/Summ       0%         N/A       100%        3
 Leda's Liquefaction      Hex/Erth       0%         N/A       100%        4
 Olgreb's Toxic Radiance  Pois           0%         N/A       100%        4
 Summon Hydra             Summ           0%         N/A       100%        7


Dungeon Overview and Level Annotations

Branches:
Dungeon (6/15)            Ossuary (visited)
 Temple: D:4-7

Altars:
The Shining One

Shops:
D:2 *


Innate Abilities, Weirdness & Mutations

You cannot be hasted, slowed, berserked, paralysed or teleported.
You can dig through walls and to a lower floor.
You have a pair of large antennae on your head. (SInv)
Your four strong arms can wield two-handed weapons with a shield.


Message History

s - 6 potions of curing (gained 1)
You are no longer corroded.
Found ten items.
You hear the brisk rusting of a very distant drain.
There is an open door here.
Things that are here:
a +0 dagger; a +0 robe
Items here: ))) [[ ††.
Things that are here:
a +0 war axe; an orc corpse You see here 13 arrows.
Things that are here:
a +0 spear; a gnoll corpse
Items here: ))) [ †.
Your plate armour prevents you from hitting the wight.
The wight hits you with a +4 battleaxe!
You hit the wight.
The wight convulses.
The wight is lightly damaged.
The wight hits you but does no damage.
You sock the wight!
The wight convulses.
You destroy the wight!
Lugonu accepts your kill.
Your Invocations skill increases to level 7!
You now have 197 gold pieces (gained 12).
Things that are here:
a +4 battleaxe; a +0 robe
Items here: ))) [ †.
Things that are here:
a +0 spear; a gnoll skeleton You hear the brisk rusting of a very distant drain.
The wight hits you with a +3 battleaxe.
You closely miss the wight. The wight hits you with a +3 battleaxe!
You feel drained.
You closely miss the wight. The wight hits you with a +3 battleaxe.
* * * LOW HITPOINT WARNING * * *
You closely miss the wight. The wight closely misses you.
You barely miss the wight. The wight hits you with a +3 battleaxe!
* * * LOW HITPOINT WARNING * * *
You feel drained.
You die...

#..................##
#...................#
#...................#
####...#####........#
#...# #......#>###
#...# #..........#
##### #..........#
########..........#
#..@z.##..........#
#####.###z#####)#######
#...).# #(#####.#
#.##### #....)).#
####.# ######### #....#
##.### #.# #)#


You could see 2 wights.

Vanquished Creatures
  Duvessa (D:4)
  An ogre (D:4)
  A phantom (D:5)
  10 scorpions
  Dowan (D:4)
  A wight (D:6)
  A centaur zombie (Ossuary)
  A bullfrog zombie (D:5)
  A hound (D:5)
  A jelly (D:6)
  An orc priest (D:6)
  A gnoll shaman (D:6)
  3 human zombies (Ossuary)
  2 iguanas (D:5)
  3 orc wizards
  Ijyb (D:5)
  Natasha (thrice) (D:3)
  5 scorpion zombies (Ossuary)
  2 mummies (Ossuary)
  5 adders
  3 gnolls (D:6)
  2 shadow imps (D:5)
  A white imp (D:4)
  3 ufetubi
  An adder zombie (D:5)
  10 orcs
  6 bats
  7 endoplasms
  A giant cockroach (D:1)
  9 goblins
  4 hobgoblins
  7 jackals
  4 quokkas
  2 ball pythons
  3 frilled lizards
  2 gnoll zombies (Ossuary)
  3 goblin skeletons (D:4)
  3 goblin zombies
  7 hobgoblin zombies
  4 kobolds
  5 kobold zombies
  An orc skeleton (D:4)
  2 orc zombies (Ossuary)
  5 rats
140 creatures vanquished.

Vanquished Creatures (collateral kills)
  A mummy (Ossuary)
1 creature vanquished.

Grand Total: 141 creatures vanquished

Notes
Turn   | Place    | Note
-------+----------+-------------------------------------------
     0 | Abyss:1  | belegose the Formicid Abyssal Knight began the quest for
                  | the Orb.
     0 | Abyss:1  | Reached XP level 1. HP: 18/18 MP: 2/2
    38 | Abyss:1  | Noticed a wizard
   111 | Abyss:4  | Noticed an ancient zyme
   115 | D:1      | Escaped the Abyss
   259 | D:1      | Reached XP level 2. HP: 15/24 MP: 3/3
   578 | D:1      | Reached * piety under Lugonu
  1253 | D:2      | Reached XP level 3. HP: 23/29 MP: 3/5
  1750 | D:2      | Found Zautogho's General Store.
  1758 | D:2      | Bought a potion of curing for 36 gold pieces
  1909 | D:3      | Noticed Natasha
  1931 | D:3      | Killed Natasha
  1932 | D:3      | Reached skill level 1 in Short Blades
  1932 | D:3      | Reached skill level 3 in Invocations
  1932 | D:3      | Reached XP level 4. HP: 35/37 MP: 6/6
  1961 | D:3      | Noticed Natasha
  1970 | D:3      | Killed Natasha
  2100 | D:3      | Noticed Natasha
  2109 | D:3      | Killed Natasha
  2110 | D:3      | Reached XP level 5. HP: 38/42 MP: 7/7
  2162 | D:3      | Found a faded altar of an unknown god.
  3032 | D:4      | Noticed Dowan
  3033 | D:4      | Found a glowing golden altar of the Shining One.
  3033 | D:4      | Noticed Duvessa
  3045 | D:5      | Entered Level 5 of the Dungeon
  3160 | D:4      | Reached XP level 6. HP: 46/49 MP: 8/8
  3201 | D:4      | Found a sand-covered staircase.
  3213 | Ossuary  | Entered an ossuary
  3239 | Ossuary  | Reached ** piety under Lugonu
  3268 | Ossuary  | Reached skill level 4 in Invocations
  3427 | Ossuary  | Reached XP level 7. HP: 45/55 MP: 10/10
  3493 | Ossuary  | Reached skill level 5 in Fighting
  3950 | Ossuary  | Reached skill level 5 in Invocations
  3967 | Ossuary  | Reached XP level 8. HP: 30/63 MP: 11/11
  3975 | Ossuary  | Reached skill level 5 in Armour
  4758 | D:4      | Reached *** piety under Lugonu
  4772 | D:4      | Noticed Ijyb
  4791 | D:5      | Killed Ijyb
  4792 | D:5      | Reached skill level 6 in Invocations
  4891 | D:4      | Killed Duvessa
  4897 | D:4      | Killed Dowan
  4898 | D:4      | Reached skill level 1 in Evocations
  6316 | D:4      | Reached skill level 1 in Staves
  6316 | D:4      | Reached XP level 9. HP: 66/71 MP: 13/13
  7144 | D:6      | Reached skill level 7 in Invocations
  7161 | D:6      | HP: 3/69 [wight (15)]
  7161 | D:6      | Slain by a wight

Illustrated notes

Levels and vault maps discovered:
D:1:      dpeg_arrival_lava_temple_mockup, layout_basic, hex_intersection
D:2:      layout_loops_cross, serial_shops, shop_fountains
D:3:      layout_loops_corners, ebering_ecumenical_altar_webs, uniq_natasha
D:4:      kennysheep_the_goblin_king, layout_loops_corners,
          nicolae_tso_besieged_by_evil, chequers_ossuary_entry_cave,
          hangedman_decor_growths, chequers_garden, feat_on_display,
          uniq_duvessa
D:5:      layout_rooms, kennysheep_generic_room_13
D:6:      layout_basic, portal_sewer_entry_b, amcnicky_mini_pool_small,
          minmay_misc_feat_diagonals, due_unseen_surprise

Skill      XL: |  1  2  3  4  5  6  7  8  9 |
---------------+----------------------------+-----
Short Blades   | 1 2 3 4 |  4.0
Armour         | 3 4 6 |  6.4
Invocations    | 3 4 5 6 7 |  7.0
Fighting       | 4 5 6 |  6.9
Evocations     | 1 2 |  2.8
Staves         | 1 2 |  2.1
Maces & Flails | |  2.7
Dodging        | |  0.8

Action                   |  1- 3 |  4- 6 |  7- 9 || total
-------------------------+-------+-------+-------++-------
Melee: Mace              |    37 |    55 |   136 ||   228
       Dagger            |    36 |   114 |    99 ||   249
       Quarterstaff      |       |       |   117 ||   117
Throw: Stone             |       |     4 |     7 ||    11
Invok: Depart the Abyss  |     1 |       |       ||     1
Evoke: Phantom mirror    |       |       |     1 ||     1
  Use: Scroll            |       |       |     6 ||     6
Armor: Leather armour    |    28 |       |       ||    28
       Plate armour      |    15 |   160 |   213 ||   388
Dodge: Dodged            |    45 |    47 |    95 ||   187
